 Dungeon Crawl Stone Soup version 0.31-a0-188-g5e087ee2ca (webtiles) character file.

Game seed: 8705494015014557219

12 qw the Shooter (level 2, -7/16 HPs)
             Began as a Deep Elf Hunter on June 23, 2023.
             Mangled by a gnoll
             ... wielding a +0 spear
              (9 damage)
             ... on level 1 of the Dungeon.
             The game lasted 00:00:07 (431 turns).

qw the Shooter (Deep Elf Hunter)                     Turns: 431, Time: 00:00:08

Health: -7/16      AC:  3    Str:  8    XL:     2   Next: 20%
Magic:  4/4        EV: 12    Int: 13    God:
Gold:   7          SH:  0    Dex: 18    Spells: 1/1 levels left

rFire   . . .        a - +0 shortbow
rCold   . . .        (shield currently unavailable)
rNeg    . . .        c - +0 leather armour
rPois   .            (no helmet)
rElec   .            (no cloak)
rCorr   .            (no gloves)
SInv    .            (no boots)
Will    .....        (no amulet)
Stlth   ++           (no ring)
HPRegen 0.22/turn    (no ring)
MPRegen 0.09/turn

%: no passive effects
@: no status effects
A: no striking features
a: no special abilities


You were on level 1 of the Dungeon.
You visited 1 branch of the dungeon, and saw 1 of its levels.

You collected 7 gold pieces.


   Skills:
 - Level 1.5 Fighting
 + Level 6.1 Ranged Weapons
 - Level 2.4 Dodging
 - Level 1.2 Stealth


You had one spell level left.
You didn't know any spells.
Your spell library was empty.

Inventory:

Hand Weapons
 a - a +0 shortbow (weapon)
Armour
 c - a +0 leather armour (worn)
 g - a +0 ring mail
Jewellery
 d - a ring of resist corrosion
 i - an amulet of regeneration
Scrolls
 b - a scroll of butterflies
 h - a scroll of blinking {unknown}
 j - a scroll of noise {unknown}
 k - a scroll of enchant armour {unknown}
Potions
 e - 2 potions of curing {unknown}
 f - a potion of berserk rage {unknown}

Dungeon Overview and Level Annotations

Branches:
Dungeon (1/15)

Altars:

Annotations:
D:1 exclusion: gnoll


Message History

Enter note:
Enter note:
Enter note: You shoot an arrow.
The arrow hits the rat.
You kill the rat!
k - a scroll labelled WEUFETEISO
Enter note:
Enter note:
Enter note:
There is a stone staircase leading down here.
A gnoll comes into view. It is wielding a +0 spear.
The gnoll shouts!
Enter note:
Enter note:
Enter note: You shoot an arrow.
The arrow hits the gnoll!
The gnoll is severely wounded.
You shoot an arrow. The arrow barely misses the gnoll.
Enter note:
Enter note:
Enter note: You shoot an arrow.
The arrow completely misses the gnoll.
The gnoll hits you from afar with a +0 spear.
You shoot an arrow. The arrow barely misses the gnoll.
The gnoll closely misses you.
The gnoll hits you from afar with a +0 spear.
You shoot an arrow. The arrow hits the gnoll.
The gnoll is almost dead.
The gnoll hits you from afar with a +0 spear.
Enter note:
Enter note:
Enter note:
430 ||| UPGRADING to +0 ring mail.
The gnoll hits you from afar with a +0 spear.
You stop removing your armour.
431 ||| UPGRADING to +0 ring mail.
The gnoll hits you from afar with a +0 spear!
You stop removing your armour.
Ouch! That really hurt!
You die...

##### #.......# #.####..
#.......######.##....
########.##.................
#...........##.#####.###....
#.####.#.#.###.##...## #####
###....#.#.......##.###
#....#...#......(##.#
#.#....#.####.#####.# ..
#.#.#.##.# #@# #.# .#
#.#......# #.# #.###
#.#.#.#### g.. #...# #.....#
..... ##### ### ###..##
#.....####### ... ##.#
#.....#.....# .. #.#
#.....#.##.## .. #.#
#######.#.## ## #.# #######
#..## #


You could see a gnoll.

Vanquished Creatures
  A ball python (D:1)
  An endoplasm (D:1)
  A goblin (D:1)
  A hobgoblin (D:1)
  A quokka (D:1)
  2 bats (D:1)
  4 frilled lizards (D:1)
  2 rats (D:1)
13 creatures vanquished.

Notes
Turn   | Place    | Note
-------+----------+-------------------------------------------
     0 | D:1      | qw the Deep Elf Hunter began the quest for the Orb.
     0 | D:1      | Reached XP level 1. HP: 12/12 MP: 3/3
     0 | D:1      | 0 ||| qw: Version: 0.3-a-9-g12657ce
     0 | D:1      | 0 ||| qw: Game counter: 3192
     0 | D:1      | 0 ||| qw: Always use a shield: true
     0 | D:1      | 0 ||| qw: God list: Okawaru
     0 | D:1      | 0 ||| qw: Allow faded altars: false
     0 | D:1      | 0 ||| qw: Do Orc after D:15 true
     0 | D:1      | 0 ||| qw: Do second Lair branch before Depths: true
     0 | D:1      | 0 ||| qw: Lair rune preference: random
     0 | D:1      | 0 ||| qw: Plans: Normal
     0 | D:1      | 0 ||| PLANNING D:1-11
   224 | D:1      | Reached skill level 6 in Ranged Weapons
   224 | D:1      | Reached XP level 2. HP: 16/16 MP: 4/4
   430 | D:1      | 430 ||| UPGRADING to +0 ring mail.
   430 | D:1      | HP: 2/16 [gnoll/+0 spear (4)]
   431 | D:1      | 431 ||| UPGRADING to +0 ring mail.
   431 | D:1      | Mangled by a gnoll

Levels and vault maps discovered:
D:1:      minmay_arrival_split_and_join, layout_loops_cross

Skill      XL: |  1 |
---------------+----+-----
Ranged Weapons | 6 |  6.1
Fighting       | |  1.5
Dodging        | |  2.4
Stealth        | |  1.2

Action                     || total
---------------------------++-------
   Fire: Shortbow          ||    28
  Dodge: Dodged            ||     2

Table legend:
 A = Non-vault XP
 B = Vault XP
 C = Vault XP percentage of total XP
 D = Non-vault monster count
 E = Vault monster count
 F = Vault count percentage of total count
                 A         B        C        D         E       F
            +---------+---------+-------+---------+---------+-------
      Total |      18 |       0 |   0.0 |      13 |       0 |   0.0
            +---------+---------+-------+---------+---------+-------
        D:1 |      18 |       0 |   0.0 |      13 |       0 |   0.0
            +---------+---------+-------+---------+---------+-------
